 Dungeon Crawl Stone Soup version 0.20-a0-641-g673355a (webtiles) character file.

6047 Laan the Grappler (level 10, -11/104 HPs)
             Began as a Troll Monk on Feb 14, 2017.
             Was a High Priest of Okawaru.
             Mangled by a jumping spider (18 damage)
             ... on level 2 of the Lair of Beasts.
             The game lasted 00:15:24 (5584 turns).

Laan the Grappler (Troll Monk)                      Turns: 5584, Time: 00:15:24

Health: -11/104    AC:  4    Str: 27    XL:     10   Next: 57%
Magic:  0/0        EV: 10    Int:  9    God:    Okawaru [*****.]
Gold:   526        SH:  0    Dex: 12    Spells: 9/9 levels left

rFire    . . .     SeeInvis .     - Unarmed
rCold    + + .     Gourm    +   (armour restricted)
rNeg     . . .     Faith    .   (no shield)
rPois    .         Spirit   .   (helmet restricted)
rElec    .         Reflect  .   L - +0 cloak
rCorr    .         Harm     .   (gloves unavailable)
MR       .....                  (boots unavailable)
Stlth    +.........             v - amulet of magic regeneration
Regen    0.7/turn               Q - +3 ring of strength
MPRegen  0.1/turn               E - ring "Zaacum" {rC++ MP-9 Int+3 Slay+2 Stlth-}

@: no status effects
A: unfitting armour, claws 3, fast metabolism 3, gourmand, regeneration 1,
shaggy fur 1, tough skin 2
a: Heroism, Finesse, Renounce Religion


You were on level 2 of the Lair of Beasts.
You worshipped Okawaru.
Okawaru was extremely pleased with you.
You were full.

You visited 3 branches of the dungeon, and saw 11 of its levels.

You collected 526 gold pieces.

Inventory:

Hand Weapons
 N - a +4 dire flail of protection
Armour
 p - a +0 robe of fire resistance
 x - a cursed +0 large shield
 y - a +0 troll leather armour {Purgy}
 L - a +0 cloak (worn)
Jewellery
 c - an uncursed ring of protection from cold
 m - an uncursed ring of protection from cold
 s - an uncursed ring of protection from fire
 v - an amulet of magic regeneration (around neck)
 E - the ring "Zaacum" (left claw) {rC++ MP-9 Int+3 Slay+2 Stlth-}
   (You found it on level 6 of the Dungeon)

   [ring of loudness]

   It affects your intelligence (+3).
   It affects your accuracy and damage with ranged weapons and melee attacks
   (+2).
   It greatly protects you from cold.
   It affects your magic capacity (-9).
   It makes you less stealthy.
 K - an uncursed ring of magical power
 O - a +5 ring of dexterity
 Q - a +3 ring of strength (right claw)
Wands
 C - a wand of iceblast (0/15)
 I - a wand of random effects (26/48)
Scrolls
 a - 3 scrolls of enchant weapon
 d - 7 scrolls of identify
 g - 2 scrolls of fear {unknown}
 i - 3 scrolls of blinking {unknown}
 k - a scroll of random uselessness {unknown}
 q - 3 scrolls of teleportation {unknown}
 u - a scroll of fog
 w - 6 scrolls of remove curse
 A - a scroll of amnesia {unknown}
 D - 3 scrolls of enchant armour {unknown}
 F - a scroll of immolation {unknown}
Potions
 e - 3 potions of haste
 h - 2 potions of heal wounds
 j - 2 potions of agility
 o - a potion of mutation {unknown}
 r - a potion of flight {unknown}
 z - a potion of degeneration {unknown}
 H - 4 potions of curing {unknown}
 J - a potion of ambrosia {unknown}
 M - a potion of might {unknown}
Books
 l - a book of Air

   Spells                             Type                      Level
   a - Shock                          Conjuration/Air              1
   b - Swiftness                      Charms/Air                   2
   c - Static Discharge               Conjuration/Air              3
   d - Airstrike                      Air                          4
   e - Lightning Bolt                 Conjuration/Air              5
 B - a book of Cantrips

   Spells                             Type                      Level
   a - Confusing Touch                Hexes                        1
   b - Animate Skeleton               Necromancy                   1
   c - Summon Small Mammal            Summoning                    1
   d - Apportation                    Translocation                1
 G - a book of Geomancy

   Spells                             Type                      Level
   a - Sandblast                      Earth                        1
   b - Passwall                       Transmutation/Earth          2
   c - Stone Arrow                    Conjuration/Earth            3
   d - Petrify                        Transmutation/Earth          4
   e - Lee's Rapid Deconstruction     Earth                        5
 P - a book of Transfigurations

   Spells                             Type                      Level
   a - Irradiate                      Conjuration/Transmutation    5
   b - Statue Form                    Transmutation/Earth          6
   c - Hydra Form                     Transmutation                6
   d - Dragon Form                    Transmutation                7
Comestibles
 b - 6 bread rations
 f - 14 royal jellies
 n - 4 meat rations
 t - 7 fruits


   Skills:
 + Level 8.2 Fighting
 - Level 2.4 Dodging
 - Level 1.0 Stealth
 * Level 13.0 Unarmed Combat


You had 9 spell levels left.
You didn't know any spells.

Dungeon Overview and Level Annotations

Branches:
Dungeon (8/15)             Temple (1/1) D:6            Lair (1/6) D:8
 Spider (0/4) Lair:2

Altars:
Cheibriados
Dithmenos
Elyvilon
Fedhas
Gozag
Hepliaklqana
Kikubaaqudgha
Makhleb
Nemelex Xobeh
Okawaru
Qazlal
Ru
Trog
Uskayaw
Xom
Yredelemnul
Zin


Innate Abilities, Weirdness & Mutations

You are too large for most types of armour.
You have claws for hands.
Your metabolism is lightning-fast.
You like to eat raw meat.
Your natural rate of healing is unusually fast.
You are covered in fur. (AC +1)
You have very tough skin. (AC +2)


Message History

The jumping spider leaps!
The jumping spider pounces on you!!
* * * LOW HITPOINT WARNING * * *
The jumping spider bites you but does no damage.
The jumping spider closely misses you. The jumping spider misses you.
You mangle the jumping spider!!
You kill the jumping spider!
Okawaru accepts your kill.
Your Unarmed Combat skill increases to level 13!
The jumping spider pounces on you but does no damage.
The jumping spider bites you.
* * * LOW HITPOINT WARNING * * *
You mangle the jumping spider!!
The jumping spider is severely wounded.
The jumping spider leaps!
The jumping spider completely misses you.
The jumping spider bites you but does no damage.
You claw the jumping spider!
The jumping spider is moderately wounded.
The jumping spider leaps!
The jumping spider pounces on you!!
You die...

###P. #.§..
##...## s>s.
.....### .§.#
#P..>.##s≈s###
#.....#.....P
##....#.......
#..s@.#§.....#
##..§s#.......
#P.....?......
##.###........
###.###.#......
#.#..####...... ..
####...<.P##.#...
..P ##
##.#..P......#....
....#.
#............##...
....#.


You could see 2 jumping spiders.

Vanquished Creatures
  A two-headed ogre (D:8)
  Nergalle (Lair:1)
  A jumping spider (Lair:2)
  A komodo dragon (Lair:1)
  The ghost of WhatIsLove the Gusty, a novice TeAE of Sif Muna (D:5)
  2 hippogriffs
  Sigmund (D:2)
  A redback (Lair:2)
  6 yaks
  A basilisk (Lair:2)
  A water moccasin (Lair:1)
  A porcupine (Lair:2)
  Purgy (D:4)
  An ice beast (D:5)
  2 black bears
  A centaur (D:7)
  An ogre (D:7)
  2 big kobolds
  4 bullfrogs
  A scorpion (D:5)
  4 howler monkeys
  A bullfrog zombie (D:7)
  A centaur zombie (D:6)
  2 crimson imps
  3 hounds
  5 jellies
  4 orc wizards
  4 orc priests
  3 iguanas
  Jessica (D:2)
  Ijyb (D:2)
  Natasha (D:4)
  2 worker ants (D:7)
  2 hound skeletons
  Robin (D:4)
  8 gnolls
  9 adders
  2 shadow imps
  5 oozes (D:8)
  An adder skeleton (D:7)
  3 dart slugs
  2 leopard geckos
  20 orcs
  3 ball pythons
  11 bats
  3 giant cockroaches
  16 goblins
  12 hobgoblins
  8 jackals
  2 quokkas
  A frilled lizard (D:4)
  16 kobolds
  3 rats
191 creatures vanquished.

Notes
Turn   | Place    | Note
-------+----------+-------------------------------------------
     0 | D:1      | Laan the Troll Monk began the quest for the Orb.
     0 | D:1      | Reached XP level 1. HP: 22/22 MP: 0/0
    22 | D:1      | Reached XP level 2. HP: 28/29 MP: 1/1
   326 | D:1      | Reached skill level 4 in Unarmed Combat
   442 | D:2      | Reached XP level 3. HP: 36/36 MP: 2/2
   466 | D:2      | Found a sparkling altar of Nemelex Xobeh.
   473 | D:2      | Noticed Jessica
   484 | D:2      | Killed Jessica
   514 | D:2      | Found a hazy altar of Hepliaklqana.
   567 | D:2      | Noticed Ijyb
   573 | D:2      | Killed Ijyb
   573 | D:2      | Reached XP level 4. HP: 45/45 MP: 3/3
   650 | D:2      | Noticed Sigmund
   661 | D:2      | Killed Sigmund
   661 | D:2      | Reached skill level 5 in Unarmed Combat
   661 | D:2      | Reached XP level 5. HP: 45/53 MP: 4/4
   732 | D:2      | Reached XP level 6. HP: 41/62 MP: 5/5
   801 | D:2      | Found an opulent altar of Gozag.
  1100 | D:3      | Reached skill level 6 in Unarmed Combat
  1887 | D:4      | Noticed Robin
  1958 | D:4      | Noticed Purgy
  1997 | D:4      | Killed Purgy
  1997 | D:4      | Reached XP level 7. HP: 48/71 MP: 6/6
  2021 | D:4      | Killed Robin
  2091 | D:4      | Found a blossoming altar of Fedhas.
  2114 | D:4      | Noticed Natasha
  2129 | D:4      | Killed Natasha
  2137 | D:5      | Entered Level 5 of the Dungeon
  2137 | D:5      | Found a hide-covered altar of Uskayaw.
  2137 | D:5      | Noticed a hand axe
  2137 | D:5      | Noticed a hand axe
  2137 | D:5      | Noticed WhatIsLove's ghost (novice TeAE)
  2144 | D:5      | Killed WhatIsLove's ghost
  2144 | D:5      | Reached skill level 7 in Unarmed Combat
  2187 | D:5      | Reached skill level 5 in Fighting
  2666 | D:5      | Found a shadowy altar of Dithmenos.
  2674 | D:5      | Reached skill level 8 in Unarmed Combat
  2685 | D:5      | Reached XP level 8. HP: 46/80 MP: 7/7
  3280 | D:6      | Found a staircase to the Ecumenical Temple.
  3307 | Temple   | Entered the Ecumenical Temple
  3347 | Temple   | Became a worshipper of Warmaster Okawaru
  3347 | Temple   | Reached * piety under Okawaru
  3347 | Temple   | Reached ** piety under Okawaru
  3411 | D:6      | Found an ancient bone altar of Kikubaaqudgha.
  3416 | D:6      | Got a warped ivory ring
  3447 | D:6      | Identified the ring "Zaacum" {rC++ MP-9 Int+3 Slay+2 Stlth-} (You found it on level 6 of the Dungeon)
  3728 | D:7      | Noticed a hippogriff
  3733 | D:7      | Reached skill level 9 in Unarmed Combat
  3739 | D:7      | Killed a hippogriff
  4097 | D:7      | Reached skill level 10 in Unarmed Combat
  4097 | D:7      | Reached XP level 9. HP: 85/89 MP: 0/8
  4102 | D:7      | Reached *** piety under Okawaru
  4137 | D:7      | Found a shimmering altar of Xom.
  4189 | D:7      | Reached skill level 11 in Unarmed Combat
  4260 | D:7      | Found a stormy altar of Qazlal.
  4383 | D:8      | Found a shimmering altar of Xom.
  4435 | D:8      | Reached **** piety under Okawaru
  4732 | D:8      | Found a staircase to the Lair.
  4759 | D:8      | Noticed a two-headed ogre
  4763 | D:8      | Found a shadowy altar of Dithmenos.
  4774 | D:8      | Killed a two-headed ogre
  4774 | D:8      | Reached skill level 12 in Unarmed Combat
  4774 | D:8      | Reached XP level 10. HP: 20/102 MP: 0/9
  4989 | Lair:1   | Entered Level 1 of the Lair of Beasts
  5044 | Lair:1   | Noticed Nergalle
  5057 | Lair:1   | Killed Nergalle
  5057 | Lair:1   | Reached ***** piety under Okawaru
  5337 | Lair:1   | You fall through a shaft!
  5347 | Lair:2   | Received a gift from Okawaru
  5571 | Lair:2   | Found a hole to the Spider Nest.
  5582 | Lair:2   | Reached skill level 13 in Unarmed Combat
  5584 | Lair:2   | Mangled by a jumping spider

Vault maps used:
D:1:      dpeg_arrival_tiny_a, minmay_box_of_dots
D:2:      lemuel_doored_altar, overflow_temple_1_default, old_standard_altar,
          uniq_sigmund, uniq_iyjb, uniq_jessica
D:4:      kennysheep_mini, first_bread, uniq_natasha, uniq_purgy, uniq_robin
D:5:      black_bear_nest_2, dancing_weapons_uskayaw, basic_altar
D:6:      wad_pebble_path, minmay_temple_entry_statues_pillars, basic_altar
D:7:      kennysheep_little_box, basic_altar, minmay_statues_item
D:8:      nicolae_dithmenos_through_a_glass_darkly, xom_butterflies,
          lair_entry_dummy, hangedman_little_slice_of_home
Temple:   jpeg_temple_island
Lair:1:   uniq_nergalle
Lair:2:   nicolae_spider_entry_tight_spaces, minivault_19, patterned_corridor

Skill      XL: |  1  2  3  4  5  6  7  8  9 10 |
---------------+-------------------------------+-----
Unarmed Combat | 4 5 6 8 10 12 13 | 13.0
Fighting       | 3 4 5 6 7 8 |  8.2
Dodging        | |  2.4
Stealth        | |  1.0

Action                   |  1- 3 |  4- 6 |  7- 9 | 10-12 || total
-------------------------+-------+-------+-------+-------++-------
Melee: Unarmed           |    60 |   119 |   284 |    43 ||   506
       Punch             |       |     1 |    13 |     3 ||    17
Evoke: Wand              |       |       |     2 |       ||     2
  Use: Scroll            |       |       |     6 |       ||     6
       Potion            |       |       |     1 |       ||     1
 Stab: Sleeping          |     2 |     4 |     2 |       ||     8
       Distracted        |     1 |       |       |       ||     1
  Eat: Chunk             |    11 |    12 |    25 |     5 ||    53
Armor: Robe              |    22 |    29 |       |       ||    51
       Skin              |       |       |    41 |     6 ||    47
Dodge: Dodged            |    45 |    49 |   136 |    23 ||   253
